 Dungeon Crawl Stone Soup version 0.16.0-17-g811c1d7 (console) character file.

4067 Monkaria the Cleaver (level 10, 0/91 HPs)
             Began as a Deep Dwarf Gladiator on Mar 21, 2015.
             Was a Believer of Makhleb.
             Slain by a wasp (7 damage)
             ... on level 9 of the Dungeon.
             The game lasted 00:13:45 (6208 turns).

Monkaria the Cleaver (Deep Dwarf Gladiator)         Turns: 6208, Time: 00:13:46

Health: 0/91       AC:  9    Str: 19 (20) XL:     10   Next: 5%
Magic:  8/8        EV: 11    Int: 13      God:    Makhleb [**....]
Gold:   93         SH:  0    Dex: 14      Spells: 0 memorised, 9 levels left

rFire  . . .     SeeInvis .     a - +0 war axe
rCold  + . .     Clarity  .     C - +0 scale mail
rNeg   . . .     SustAb   .     (no shield)
rPois  +         Gourm    .     q - +0 helmet {Int+3}
rElec  .         Spirit   .     (no cloak)
rCorr  .         Warding  .     (no gloves)
rMut   .         Stasis   .     (no boots)
MR     +....                    (no amulet)
Stlth  ..........               t - ring of poison resistance
                                n - ring of protection from cold

@: non-regenerating, somewhat resistant to hostile enchantments, extremely
unstealthy
A: damage resistance, recharge devices, deterioration 1, sense surroundings 2,
slow healing 3
a: Device Recharging, Minor Destruction, Renounce Religion


You were on level 9 of the Dungeon.
You worshipped Makhleb.
Makhleb was pleased with you.
You were not hungry.

You visited 2 branches of the dungeon, and saw 10 of its levels.

You collected 483 gold pieces.
You spent 390 gold pieces at shops.

Inventory:

Hand weapons
 a - a +0 war axe (weapon)
Missiles
 d - 4 throwing nets (quivered)
 v - 5 curare-tipped needles
 K - 15 poisoned needles
Armour
 q - a +0 helmet of intelligence (worn)
 C - a +0 scale mail (worn)
Jewellery
 n - a ring of protection from cold (left hand)
 t - a ring of poison resistance (right hand)
 x - an uncursed ring of ice
 y - an uncursed ring of teleportation
 z - an uncursed ring of wizardry
Magical devices
 e - a wand of heal wounds (2)
 k - a wand of heal wounds (0)
Scrolls
 g - a scroll of enchant armour {unknown}
 h - 8 scrolls of teleportation
 j - a scroll of fog
 m - 3 scrolls of remove curse
 p - 2 scrolls of amnesia
 s - 4 scrolls of enchant weapon
 w - 3 scrolls of random uselessness {unknown}
 B - a scroll of fear {unknown}
 J - a scroll of magic mapping {unknown}
Potions
 c - a potion of invisibility {unknown}
 l - 2 potions of curing
 r - 2 potions of heal wounds
 D - a potion of resistance {unknown}
 F - a potion of mutation {unknown}
 G - a potion of haste
 H - a potion of agility
 I - a potion of cancellation
Books
 o - a book of Hinderance

   Spells                             Type                      Level
   a - Confusing Touch                Hexes                        2
   b - Confuse                        Hexes                        3
   c - Petrify                        Transmutation/Earth          4
   d - Metabolic Englaciation         Hexes/Ice                    5
   e - Gell's Gravitas                Hexes/Translocation          5
   f - Summon Mana Viper              Hexes/Summoning              5
 E - a Young Poisoner's Handbook

   Spells                             Type                      Level
   a - Sting                          Conjuration/Poison           1
   b - Cure Poison                    Poison                       2
   c - Mephitic Cloud                 Conjuration/Poison/Air       3
   d - Olgreb's Toxic Radiance        Poison                       4
   e - Venom Bolt                     Conjuration/Poison           5
Comestibles
 f - 6 bread rations
 i - 2 beef jerkies
 u - 3 meat rations
 A - 5 fruits


   Skills:
 - Level 6.2 Fighting
 - Level 11.3 Axes
 - Level 1.7 Throwing
 + Level 9.0 Armour
 - Level 3.2 Dodging


You had 9 spell levels left.
You didn't know any spells.

Dungeon Overview and Level Annotations

Branches:
Dungeon (9/15)             Temple (1/1) D:6
   Lair: D:8-11         Orc: D:9-12

Altars:
Ashenzari
Cheibriados
Dithmenos
Elyvilon
Gozag
Makhleb
Okawaru
Qazlal
Ru
Sif Muna
Trog
Vehumet
The Shining One

Shops:
D:6 (   D:8 !


Innate Abilities, Weirdness & Mutations

You are resistant to damage.
You can recharge devices by infusing magical energy.
You passively map the area around you.
You do not heal naturally.
Your body is slowly deteriorating.


Message History

The wasp is severely wounded.
You feel yourself speed up. The wasp stings you but does no damage.
The wasp stings you!
* * * LOW HITPOINT WARNING * * *
You closely miss the wasp.
The wasp is severely wounded.
The wasp stings you but does no damage. The wasp closely misses you.
Unknown command.
You barely miss the wasp.
The wasp is severely wounded.
The wasp stings you but does no damage.
You hit the wasp but do no damage.
The wasp is severely wounded.
The wasp stings you but does no damage.
You barely miss the wasp.
The wasp is severely wounded.
The wasp stings you.
* * * LOW HITPOINT WARNING * * *
The wasp stings you!
You die...

* +,*, , ,, * ...
, * * *#....,, **
.≈# *...... *
#...* ......., *
*#...####.......
,
*...............
,, ,
#.....y........ ,
* ,
#.....@........ ,
,
###..........#.,
* #............#
, , , ,
,+............#
+............#.,,
,
,#...............
* , ,,
#..............,
, *
#.............. ,
,, ###.........##


You could see a wasp.

Vanquished Creatures
  Pikel (D:5)
  Grinder (D:3)
  A yak (D:6)
  A wyvern (D:8)
  2 hungry ghosts (D:8)
  Edmund (D:6)
  2 orc warriors
  2 sky beasts
  An ice beast (D:7)
  A wasp (D:9)
  2 phantoms
  2 slaves (D:5)
  2 ogres
  A centaur (D:5)
  A gnoll sergeant (D:8)
  2 big kobolds
  Blork the orc (D:6)
  A giant frog (D:8)
  2 scorpions
  A water moccasin skeleton (D:8)
  6 killer bees (D:8)
  5 crimson imps
  4 hounds
  2 goliath beetles
  An orc priest (D:4)
  2 centaur skeletons (D:4)
  A jelly (D:6)
  4 worker ants
  2 iguanas (D:7)
  3 orc wizards
  Ijyb (D:2)
  A hound skeleton (D:7)
  Terence (D:3)
  A mummy (D:7)
  3 gnolls (D:8)
  Robin (D:3)
  15 adders
  4 shadow imps
  3 worms
  A giant mite (D:4)
  An adder zombie (D:6)
  4 giant geckos
  4 oozes
  14 orcs
  A ball python (D:3)
  10 bats
  A bat skeleton (D:8)
  2 giant cockroaches
  18 goblins
  17 hobgoblins
  23 kobolds
  7 quokkas
  3 giant newts
  13 jackals
  A jackal zombie (D:8)
  10 rats
218 creatures vanquished.

Notes
Turn   | Place    | Note
--------------------------------------------------------------
     0 | D:1      | Monkaria, the Deep Dwarf Gladiator, began the quest for the Orb.
     0 | D:1      | Reached XP level 1. HP: 19/19 MP: 1/1
   214 | D:1      | Reached XP level 2. HP: 20/26 MP: 2/2
   509 | D:2      | Noticed Ijyb
   513 | D:2      | Killed Ijyb
   513 | D:2      | Reached XP level 3. HP: 32/34 MP: 3/3
   724 | D:2      | Reached XP level 4. HP: 16/43 MP: 4/4
  1028 | D:2      | Reached skill level 4 in Fighting
  1604 | D:3      | Noticed Grinder
  1605 | D:3      | Noticed Terence
  1616 | D:3      | Killed Grinder
  1616 | D:3      | Reached skill level 5 in Fighting
  1616 | D:3      | Reached XP level 5. HP: 34/55 MP: 5/5
  1616 | D:3      | Reached XP level 6. HP: 38/62 MP: 6/6
  1618 | D:3      | Killed Terence
  1646 | D:3      | Noticed Robin
  1647 | D:3      | Reached skill level 6 in Fighting
  1653 | D:3      | Killed Robin
  2008 | D:3      | Found an opulent altar of Gozag.
  2454 | D:4      | Reached skill level 5 in Axes
  2454 | D:4      | Reached XP level 7. HP: 23/69 MP: 7/7
  2961 | D:5      | Entered Level 5 of the Dungeon
  3045 | D:5      | HP: 1/69 [something (4)]
  3051 | D:5      | Reached skill level 7 in Axes
  3055 | D:5      | Gained mutation: Your body is slowly deteriorating. [mutagenic meat]
  3063 | D:5      | Reached XP level 8. HP: 45/76 MP: 8/8
  3083 | D:5      | Reached skill level 8 in Axes
  3243 | D:5      | Reached skill level 9 in Axes
  3434 | D:6      | Noticed Pikel
  3472 | D:5      | Killed Pikel
  3472 | D:5      | Reached skill level 10 in Axes
  3515 | D:6      | Found a staircase to the Ecumenical Temple.
  3540 | Temple   | Entered the Ecumenical Temple
  3638 | Temple   | Became a worshipper of Makhleb the Destroyer
  3736 | D:6      | Noticed Blork the orc
  3741 | D:6      | Killed Blork the orc
  3793 | D:6      | Reached skill level 11 in Axes
  3793 | D:6      | Gained mutation: You passively map the area around you. [level up]
  3793 | D:6      | Reached XP level 9. HP: 29/82 MP: 8/8
  4057 | D:6      | Reached skill level 1 in Armour
  4136 | D:6      | Noticed Edmund
  4147 | D:6      | Killed Edmund
  4160 | D:6      | Found Veefrooc's Antique Weapon Boutique.
  4344 | D:7      | Acquired Makhleb's first power
  4532 | D:7      | Reached skill level 5 in Armour
  5284 | D:8      | Found Soti's Distillery.
  5305 | D:8      | Bought a potion of heal wounds for 65 gold pieces
  5305 | D:8      | Bought a potion of curing for 39 gold pieces
  5305 | D:8      | Bought a potion of haste for 130 gold pieces
  5305 | D:8      | Bought a potion of agility for 52 gold pieces
  5305 | D:8      | Bought a potion of cancellation for 104 gold pieces
  5492 | D:8      | Acquired Makhleb's second power
  6122 | D:8      | Reached XP level 10. HP: 45/91 MP: 8/8
  6208 | D:9      | Slain by a wasp

Action                   |  1- 3 |  4- 6 |  7- 9 | 10-12 || total
-------------------------+-------+-------+-------+-------++-------
Melee: War axe           |   100 |   134 |   340 |    33 ||   607
 Abil: Device Recharging |       |       |     2 |       ||     2
Evoke: Wand              |     1 |     2 |    10 |       ||    13
  Use: Scroll            |     2 |     4 |     4 |       ||    10
       Potion            |       |     1 |       |       ||     1
 Stab: Sleeping          |       |       |     1 |       ||     1
  Eat: Chunk             |       |     5 |    13 |     1 ||    19
